 Dungeon Crawl Stone Soup version 0.22.0-13-g43fe8f2 (webtiles) character file.

123 NormalPerson7T the Skirmisher (level 4, -6/40 HPs)
             Began as a Minotaur Enchanter on Aug 16, 2018.
             Killed by divine providence
             ... invoked by an orc priest
              (13 damage)
             ... on level 3 of the Dungeon.
             The game lasted 00:03:10 (3804 turns).

NormalPerson7T the Skirmisher (Minotaur Enchanter)  Turns: 3804, Time: 00:03:11

Health: -6/40      AC:  8    Str: 13    XL:     4   Next: 79%
Magic:  5/5        EV:  6    Int: 12    God:
Gold:   52         SH:  0    Dex: 11    Spells: 5/5 levels left

rFire    . . .     SeeInvis .   d - -1 hand axe (curse)
rCold    . . .     Gourm    .   (no shield)
rNeg     . . .     Faith    .   g - +0 chain mail (curse)
rPois    .         Spirit   .   (helmet restricted)
rElec    .         Reflect  .   (no cloak)
rCorr    .         Harm     .   (no gloves)
MR       .....                  (no boots)
Stlth    ..........             (no amulet)
HPRegen  0.13/turn              (no ring)
MPRegen  0.09/turn              (no ring)

@: no status effects
A: retaliatory headbutt, horns 2
a: no special abilities


You were on level 3 of the Dungeon.
You were very hungry.

You visited 1 branch of the dungeon, and saw 3 of its levels.

You collected 52 gold pieces.

Inventory:

Hand Weapons
 a - a +1 dagger
 d - a cursed -1 hand axe (weapon)
Armour
 b - a +0 robe
 f - a +0 leather armour
 g - a cursed +0 chain mail (worn)
 j - a +0 ring mail
 l - a +0 buckler
Wands
 n - a wand of disintegration (9)
Scrolls
 t - a scroll of teleportation
Potions
 c - a potion of curing
 h - 2 potions of agility
 k - a potion of flight {unknown}
 m - a potion of haste {unknown}
 o - a potion of brilliance {unknown}
 p - a potion of resistance {unknown}
Comestibles
 e - 2 rations


   Skills:
 + Level 3.8 Fighting
 - Level 3.6 Short Blades
 - Level 2.1 Dodging
 - Level 2.4 Stealth
 - Level 1.3 Spellcasting
   Level 2.0 Hexes


You had 5 spell levels left.
You didn't know any spells.
Your spell library contained the following spells:

 Spells                   Type           Power        Failure   Level  Hunger
 Confuse                  Hex            #.......     100%        3    ####...
 Tukima's Dance           Hex            #.......     100%        3    ####...
 Ensorcelled Hibernation  Hex/Ice        #.....       100%        2    ###....
 Corona                   Hex            #......      99%         1    ##.....
 Dazzling Spray           Conj/Hex       #.....       100%        3    ####...


Dungeon Overview and Level Annotations

Branches:
Dungeon (3/15)

Altars:


Innate Abilities, Weirdness & Mutations

You reflexively headbutt those who attack you in melee.
You have a pair of horns on your head.


Message History

You are too injured to fight recklessly!
You are too injured to fight recklessly!
You are too injured to fight recklessly!
You are too injured to fight recklessly!
You are too injured to fight recklessly!
You are too injured to fight recklessly!
You are too injured to fight recklessly!
Your chain mail prevents you from hitting the orc priest.
The orc priest is moderately wounded.
The orc priest hits you.
You closely miss the orc priest.
The orc priest is moderately wounded.
The orc priest calls down the wrath of Beogh upon you.
Pain shoots through your body!
* * * LOW HITPOINT WARNING * * *
You hit the orc priest but do no damage.
The orc priest is moderately wounded.
The orc priest calls down the wrath of Beogh upon you.
Beogh smites you!
You die...

#.# ##)##
######...####
#.....).....#######
#......<...........
#.#####.###..#####
. #.# #..# #.#
#..###########
#.###.....@o......
#......###########
#####..# #..# #..#
#..# #>.## #...#
##.##


You could see an orc priest.

Vanquished Creatures
  4 adders
  2 oozes
  4 worms (D:2)
  6 orcs (D:3)
  5 giant cockroaches
  4 goblins
  6 hobgoblins
  2 jackals (D:3)
  4 kobolds
  10 bats
  6 frilled lizards
  10 rats
63 creatures vanquished.

Notes
Turn   | Place    | Note
-------+----------+-------------------------------------------
     0 | D:1      | NormalPerson7T the Minotaur Enchanter began the quest for the Orb.
     0 | D:1      | Reached XP level 1. HP: 14/14 MP: 1/1
    87 | D:1      | Reached skill level 1 in Fighting
    87 | D:1      | Reached XP level 2. HP: 7/23 MP: 3/3
   970 | D:1      | Reached XP level 3. HP: 29/29 MP: 4/4
  1999 | D:2      | Reached XP level 4. HP: 27/37 MP: 5/5
  3804 | D:3      | Killed from afar by an orc priest

Skill      XL: |  1  2  3  4 |
---------------+-------------+-----
Fighting       | 1 2 3 |  3.8
Short Blades   | 2 3 |  3.6
Dodging        | |  2.1
Stealth        | |  2.4
Spellcasting   | |  1.3
Hexes          | |  2.0

Action                   |  1- 3 |  4- 6 || total
-------------------------+-------+-------++-------
Melee: Dagger            |    14 |       ||    14
       Headbutt          |    18 |    11 ||    29
       Hand axe          |   153 |   103 ||   256
  Use: Scroll            |     5 |     2 ||     7
 Stab: Sleeping          |     4 |       ||     4
  Eat: Chunk             |     4 |     1 ||     5
       Ration            |       |     1 ||     1
Armor: Robe              |     7 |       ||     7
       Ring mail         |    31 |       ||    31
       Leather armour    |     5 |       ||     5
       Chain mail        |    32 |    74 ||   106
Dodge: Dodged            |    84 |    40 ||   124
